 Dungeon Crawl Stone Soup version 0.27.1 (webtiles) character file.

Game seed: 15616687990945307078

364 ZappyNine the Magician (level 7, -1/50 HPs)
             Began as a Djinni Conjurer on Sept 3, 2021.
             Killed by nerve-wracking pain
             ... invoked by Grinder
              (11 damage)
             ... while paralysed by Grinder
             ... on level 4 of the Dungeon.
             The game lasted 00:05:47 (4246 turns).

ZappyNine the Magician (Djinni Conjurer)            Turns: 4246, Time: 00:05:48

Health: -1/50      AC:  5    Str:  6    XL:     7   Next: 0%
Gold:   109        EV:  2    Int: 21    God:
                   SH:  0    Dex: 12

rFire    + + +     SeeInvis .   b - +2 glaive (vamp)
rCold    x x .     Faith    .   (shield currently unavailable)
rNeg     . . .     Spirit   .   a - +0 robe
rPois    ∞         Reflect  .   (no helmet)
rElec    .         Harm     .   (no cloak)
rCorr    .         Rampage  .   f - +2 pair of gloves
Will     .....                  (boots unavailable)
Stlth    ++........             (no amulet)
HPRegen  0.16/turn              g - ring of fire
MPRegen  0.00/turn              (no ring)

@: paralysed, flying, very slightly contaminated
A: sickness immunity, fire resistance 2, cold vulnerability 1, float, innate
caster, hp casting, extra vitality 1
a: no special abilities


You were on level 4 of the Dungeon.
You visited 1 branch of the dungeon, and saw 4 of its levels.

You collected 109 gold pieces.

Inventory:

Hand Weapons
 b - a +2 vampiric glaive (weapon)
Armour
 a - a +0 robe (worn)
 f - a +2 pair of gloves (worn)
Jewellery
 g - a ring of fire (left hand)
Scrolls
 d - a scroll of vulnerability {unknown}
 e - 3 scrolls of identify
 h - 2 scrolls of teleportation {unknown}
 i - a scroll of amnesia {unknown}
Potions
 c - a potion of attraction


   Skills:
 + Level 3.3 Fighting
 + Level 2.7 Polearms
 - Level 2.1 Dodging
 - Level 1.5 Stealth
 + Level 4.5 Spellcasting


You couldn't memorise any spells.
You knew the following spells:

 Your Spells              Type           Power      Damage    Failure   Level
a - Magic Dart            Conj           96%        1d7       1%          1
b - Searing Ray           Conj           48%        3d5       2%          2
c - Dazzling Flash        Conj/Hex       48%        N/A       5%          3
d - Fulminant Prism       Conj/Hex       12%        3d9       17%         4
e - Iskenderun's Mystic   Conj/Tloc      24%        2d7       17%         4
f - Sting                 Tmut/Pois      96%        1d7       1%          1
g - Ensorcelled Hibernat  Hex/Ice        48%        N/A       2%          2
h - Mephitic Cloud        Conj/Pois/Air  24%        N/A       5%          3
Your spell library was empty.

Dungeon Overview and Level Annotations

Branches:
Dungeon (4/15)
 Temple: D:4-7

Altars:

Shops:
D:3 [

Annotations:
D:4 Grinder


Innate Abilities, Weirdness & Mutations

You are immune to sickness and miasma.
You are immune to poison.
Your flesh is very heat resistant. (rF++)
You are vulnerable to cold. (rC-)
You float through the air rather than walking.
You learn spells naturally, not from books.
Your magical power is your life essence.
You have superior vitality. (+4 HP)


Message History

The spell is quite dangerous to cast (19% risk of failure)!
Continue anyway?
Okay, then.
Casting: Fulminant Prism (quite dangerous; 19% risk of failure)
Confirm with . or Enter, or press ? or * to list all spells.
The spell is quite dangerous to cast (19% risk of failure)!
Continue anyway?
Okay, then.
Unknown command.
Casting: Iskenderun's Mystic Blast (quite dangerous; 19% risk of failure)
Confirm with . or Enter, or press ? or * to list all spells.
The spell is quite dangerous to cast (19% risk of failure)!
Continue anyway?
You miscast Iskenderun's Mystic Blast.
You are very lightly contaminated with residual magic.
Nothing appears to happen.
The hobgoblin hits you.
* * * LOW HITPOINT WARNING * * *
Unknown command.
Unknown command.
The adder closely misses you.
Casting: Iskenderun's Mystic Blast (quite dangerous; 19% risk of failure)
Confirm with . or Enter, or press ? or * to list all spells.
The spell is quite dangerous to cast (19% risk of failure)!
Continue anyway?
You erupt in a blast of force!
The mystic blast hits the black bear!
The black bear is severely wounded.
The black bear is knocked back by the mystic blast.
The black bear collides with Grinder!
The mystic blast hits the adder!
The adder is severely wounded.
The adder is knocked back by the mystic blast.
The adder collides with the black bear!
You kill the black bear!
You kill the adder!
The mystic blast hits the hobgoblin.
You kill the hobgoblin!
* * * LOW HITPOINT WARNING * * *
Grinder is no longer blind.
You have reached level 7!
The power to cast Mephitic Cloud wells up from within.
Spell assigned to 'h'.
Grinder gestures at you.
You suddenly lose the ability to move!
Grinder gestures at you. Pain shoots through your body!
You die...

..... .. ......... )... ...
#....... ... ....#...... #.
....#..... .......... #
.........#############.
######..................(....
....##............J..........
....##..........@.5..........
....++.(.......###+#.........
....##.........# #..J$.......
....# #......######.###.....
....# #.............. ....
....# #.....>######.. ...
....#####...### (..# ..
............# ##.# .
.......(..### .#


You could see Grinder and an endoplasm.

Vanquished Creatures
  A black bear (D:4)
  A phantom (D:4)
  A jelly (D:4)
  3 gnolls (D:2)
  7 adders
  An adder skeleton (D:4)
  A dart slug (D:4)
  3 orcs (D:4)
  3 ball pythons
  6 bats
  4 endoplasms
  4 giant cockroaches
  6 hobgoblins
  9 kobolds
  6 quokkas
  3 frilled lizards
  7 goblins
  8 rats
74 creatures vanquished.

Vanquished Creatures (others)
  A jelly (D:4)
  A fulminant prism (D:3)
2 creatures vanquished.

Grand Total: 76 creatures vanquished

Notes
Turn   | Place    | Note
-------+----------+-------------------------------------------
     0 | D:1      | ZappyNine the Djinni Conjurer began the quest for the Orb.
     0 | D:1      | Reached XP level 1. HP: 15/15 MP: 0/0
   206 | D:1      | Reached XP level 2. HP: 18/21 MP: 0/0
   751 | D:1      | Reached XP level 3. HP: 18/26 MP: 0/0
   751 | D:1      | Learned a level 1 spell: Sting
  1171 | D:1      | Reached skill level 1 in Fighting
  1466 | D:2      | Reached skill level 1 in Polearms
  1466 | D:2      | Reached XP level 4. HP: 12/32 MP: 0/0
  1843 | D:2      | Reached skill level 4 in Spellcasting
  2366 | D:2      | Reached XP level 5. HP: 31/38 MP: 0/0
  2366 | D:2      | Learned a level 2 spell: Ensorcelled Hibernation
  3084 | D:3      | Found Jizepp's Armour Boutique.
  3147 | D:3      | Found a glowing drain.
  3778 | D:4      | Noticed a phantom
  3930 | D:4      | Killed a phantom
  3931 | D:4      | Reached XP level 6. HP: 15/46 MP: 0/0
  4232 | D:4      | Noticed a black bear
  4232 | D:4      | Noticed Grinder
  4242 | D:4      | Killed a black bear
  4243 | D:4      | Reached XP level 7. HP: 10/50 MP: 0/0
  4243 | D:4      | Learned a level 3 spell: Mephitic Cloud
  4244 | D:4      | Paralysed by Grinder for 6 turns
  4246 | D:4      | Killed from afar by Grinder

Illustrated notes

Levels and vault maps discovered:
D:1:      sevenhm_arrival_forest_fort_small_4, layout_rooms, fountainhead,
          roderic_serpentine_path, amcnicky_mini_pool_small
D:2:      layout_basic
D:3:      layout_basic, led_sif_pool, serial_shops, shop_fountains,
          portal_sewer_entry_f, chequers_serial_rivers_room_a
D:4:      layout_basic, lemuel_old_faithful, uniq_sigmund, uniq_grinder

Skill      XL: |  1  2  3  4  5 |
---------------+----------------+-----
Fighting       | 1 3 |  3.3
Polearms       | 1 2 |  2.7
Spellcasting   | 4 |  4.5
Dodging        | |  2.1
Stealth        | |  1.5

Action                   |  1- 3 |  4- 6 |  7- 9 || total
-------------------------+-------+-------+-------++-------
Melee: Glaive            |    68 |    89 |       ||   157
 Cast: Magic Dart        |    14 |     2 |       ||    16
       Searing Ray       |     7 |     6 |       ||    13
       Dazzling Flash    |       |     5 |       ||     5
       Ensorcelled Hiber |       |     1 |       ||     1
       Fulminant Prism   |       |     1 |       ||     1
       Iskenderun's Myst |       |     1 |       ||     1
  Use: Scroll            |       |     4 |       ||     4
 Stab: Sleeping          |     6 |     6 |       ||    12
Armor: Robe              |    21 |    32 |       ||    53
Dodge: Dodged            |    53 |    91 |       ||   144
